 Dungeon Crawl Stone Soup version 0.28-a0-1415-g7c84da036a (webtiles) character file.

Game seed: 11031840690034127765

81 blackman the Chopper (level 4, -8/35 HPs)
             Began as a Human Fighter on Jan 7, 2022.
             Killed by divine providence
             ... invoked by an orc priest
              (16 damage)
             ... on level 3 of the Dungeon.
             The game lasted 00:05:45 (2984 turns).

blackman the Chopper (Human Fighter)                Turns: 2984, Time: 00:05:46

Health: -8/35      AC:  7    Str: 19    XL:     4   Next: 67%
Magic:  4/4        EV:  9    Int:  8    God:
Gold:   41         SH:  0    Dex: 12    Spells: 3/3 levels left

rFire   . . .      SeeInvis .   a - +0 war axe
rCold   . . .      Faith    .   (no shield)
rNeg    . . .      Spirit   .   b - +0 scale mail
rPois   .          Reflect  .   (no helmet)
rElec   .          Harm     .   (no cloak)
rCorr   .          Rampage  .   (no gloves)
Will    .....                   e - +0 pair of boots
Stlth   ..........              (no amulet)
HPRegen 0.11/turn               (no ring)
MPRegen 0.09/turn               (no ring)

@: no status effects
A: no striking features
a: no special abilities


You were on level 3 of the Dungeon.
You visited 1 branch of the dungeon, and saw 4 of its levels.

You collected 41 gold pieces.

Inventory:

Hand Weapons
 a - a +0 war axe (weapon)
Armour
 b - a +0 scale mail (worn)
 c - a +0 buckler
 e - a +0 pair of boots (worn)
Scrolls
 f - a scroll of teleportation {unknown}
 g - a scroll of fear {unknown}
 k - a scroll of torment {unknown}
Potions
 d - a potion of might
 h - a potion of resistance {unknown}
 i - a potion of cancellation {unknown}
 j - 2 potions of curing {unknown}


   Skills:
 - Level 3.0 Fighting
 * Level 4.4 Axes
 - Level 3.0 Armour
 - Level 3.0 Shields


You had 3 spell levels left.
You didn't know any spells.
Your spell library was empty.

Dungeon Overview and Level Annotations

Branches:
Dungeon (4/15)
 Temple: D:4-7

Altars:


Message History

An orc comes into view. It is wielding a +0 flail.
The orc shouts!
An orc priest comes into view. It is wielding a +0 flail.
The orc priest shouts!
The orc wizard gestures at you while chanting.
You are confused.
You are too confused!
You are too confused!
You are too confused!
You are too confused!
You are too confused!
You are too confused!
You are too confused!
The orc wizard points at you and mumbles some strange words.
You are more confused.
You're too confused to move!
The orc wizard hits you but does no damage.
You are too confused!
You are too confused!
You bump into the rock wall.
The orc priest invokes the aid of Beogh against you.
Beogh smites you!
You hear a shout!
You bump into the rock wall.
You bump into the rock wall.
The orc closely misses you.
You slash the orc!
You kill the orc!
You slash the orc wizard!
The orc wizard is almost dead.
The orc priest mumbles some strange prayers to Beogh against you.
Beogh smites you!
* * * LOW HITPOINT WARNING * * *
The orc wizard barely misses you.
Found a trident.
You feel less confused.
You slash the orc wizard!
You kill the orc wizard!
The orc priest calls down the wrath of Beogh upon you.
Beogh smites you!
You die...

### ##.##
####.#.#####.##
#...###o..o...#
##'##.#)#####....
### #...##)## #
#$. #...##@# #.ZO
##...##.#
hK##....#...
###...###.#)
###....# .....
####.....## .##
## ###.......## .
#.'......## #.
#.#....###


You could see an orc priest.

Vanquished Creatures
  An orc wizard (D:3)
  2 adders
  A dart slug (D:3)
  4 orcs
  3 ball pythons (D:1)
  4 bats
  6 endoplasms
  3 giant cockroaches (D:1)
  7 goblins
  4 hobgoblins
  5 jackals (D:1)
  4 frilled lizards (D:1)
  6 kobolds
  4 rats
54 creatures vanquished.

Notes
Turn   | Place    | Note
-------+----------+-------------------------------------------
     0 | D:1      | blackman the Human Fighter began the quest for the Orb.
     0 | D:1      | Reached XP level 1. HP: 18/18 MP: 1/1
    87 | D:1      | Reached XP level 2. HP: 23/24 MP: 2/2
   760 | D:1      | Reached skill level 3 in Axes
   801 | D:1      | Reached XP level 3. HP: 29/29 MP: 3/3
  1751 | D:2      | Reached skill level 4 in Axes
  1751 | D:2      | Reached XP level 4. HP: 20/35 MP: 4/4
  2293 | D:2      | You fall into a shaft and drop 2 floors!
  2401 | D:4      | Noticed a necrophage
  2955 | D:3      | Noticed an ogre
  2955 | D:3      | Noticed a black bear
  2984 | D:3      | Killed from afar by an orc priest

Illustrated notes

Levels and vault maps discovered:
D:1:      dpeg_arrival_windows_large_door, layout_basic
D:2:      layout_rooms, uniq_jessica, uniq_robin
D:3:      layout_loops_cross, mainiacjoe_overflow_six_doors_small, st_stairs_3,
          lightli_corner_chamber
D:4:      layout_basic, minmay_temple_entry_fiery

Skill      XL: |  1  2  3 |
---------------+----------+-----
Axes           | 3 4 |  4.4
Fighting       | |  3.0
Armour         | |  3.0
Shields        | |  3.0

Action                   |  1- 3 |  4- 6 || total
-------------------------+-------+-------++-------
Melee: War axe           |   107 |    34 ||   141
       Punch             |       |     1 ||     1
Armor: Scale mail        |    68 |    21 ||    89
Dodge: Dodged            |    60 |    23 ||    83

Table legend: (Time is in decaauts)
 A = Elapsed time spent in this place.
 B = Non-inter-level travel time spent in this place.
 C = Inter-level travel time spent in this place.
 D = Time resting spent in this place.
 E = Time spent auto-exploring this place.
 F = Levels seen in this place.
 G = Mean time per level.
                   A        B        C        D        E       F      G
               +--------+--------+--------+--------+--------+-----+--------+
         Total |   3029 |   3010 |     19 |   1466 |   1051 |   4 |  757.2 |
       Dungeon |   3029 |   3010 |     19 |   1466 |   1051 |   4 |  757.2 |
               +--------+--------+--------+--------+--------+-----+--------+

Top non-repeatable levels by time:
     D:1: 1758 daAuts
     D:2: 571 daAuts
     D:3: 514 daAuts
     D:4: 184 daAuts
